 Dungeon Crawl Stone Soup version 0.28.0-43-g3370ac3207 (webtiles) character file.

Game seed: 6495841967484344633

24439 fknight the Spear-Bearer (level 13, 0/156 HPs)
             Began as a Gnoll Berserker on Mar 10, 2022.
             Was an Elder of Trog.
             Slain by a 20-headed hydra (3 damage)
             ... on level 4 of the Lair of Beasts on Mar 11, 2022.
             The game lasted 01:04:57 (16602 turns).

fknight the Spear-Bearer (Gnoll Berserker)         Turns: 16602, Time: 01:04:59

Health: 0/156      AC: 33    Str: 19    XL:     13   Next: 13%
Magic:  25/25      EV: 11    Int:  7    God:    Trog [****..]
Gold:   436        SH:  5    Dex: 22    Spells: 28/28 levels left

rFire   . . .      SeeInvis .   m - +3 halberd (vorpal)
rCold   . . .      Faith    .   (shield currently unavailable)
rNeg    + . .      Spirit   .   R - +4 plate armour
rPois   .          Reflect  +   k - +1 hat
rElec   .          Harm     .   F - +2 cloak
rCorr   .          Rampage  .   Q - +2 pair of gloves of Kaoror {rN+ Dex+2}
Will    ++...                   h - +2 pair of boots
Stlth   ..........              G - amulet of reflection
HPRegen 1.36/turn               c - +6 ring of dexterity
MPRegen 0.19/turn               y - +4 ring of protection

@: berserking, strong-willed, regenerating, very quick
A: fangs 1, strong nose, distributed training
a: Renounce Religion, Berserk, Trog's Hand, Brothers in Arms


You were on level 4 of the Lair of Beasts.
You worshipped Trog.
Trog was greatly pleased with you.
You visited 2 branches of the dungeon, and saw 13 of its levels.

You collected 809 gold pieces.
You spent 373 gold pieces at shops.

Inventory:

Hand Weapons
 i - a +2 dagger of holy wrath
 m - a +3 vorpal halberd (weapon)
 p - a +0 dagger of venom
 r - a +1 halberd
 t - a +4 hand axe of venom
 w - a +0 hand crossbow
 D - a +0 hunting sling
 I - a +2 war axe of venom
 J - a +0 glaive
 K - the +3 demon whip "Huacs" {vorpal, rN+ Int+2 SInv}
   (You took it off a wight on level 7 of the Dungeon)

   It inflicts extra damage upon your enemies.
   Int:       It affects your intelligence (+2).
   rN:        It protects you from negative energy.
   SInv:      It lets you see invisible.
 M - a +3 spear
 O - a +0 trident
 S - a +2 flail of holy wrath
 V - a +3 battleaxe
 W - a +3 long sword
 X - a +3 dire flail
 Y - a +3 great sword of freezing
Missiles
 b - 3 silver javelins
 d - 141 sling bullets
 j - 427 stones (quivered)
 n - 8 boomerangs
 q - a curare-tipped dart
 z - 13 poisoned darts
 A - 67 bolts
 C - 6 atropa-tipped darts
 H - 4 throwing nets
Armour
 h - a +2 pair of boots (worn)
 k - a +1 hat (worn)
 F - a +2 cloak (worn)
 N - a +0 buckler
 Q - the +2 pair of gloves of Kaoror (worn) {rN+ Dex+2}
   (You bought it in a shop on level 4 of the Dungeon)

   Dex:       It affects your dexterity (+2).
   rN:        It protects you from negative energy.
 R - a +4 plate armour (worn)
 T - the +0 leather armour "Fufyheima" {rPois Str+6 Stlth+}
   (You found it on level 1 of the Lair of Beasts)

   Str:       It affects your strength (+6).
   rPois:     It protects you from poison.
   Stlth:     It makes you more stealthy.
 U - a +0 helmet
Jewellery
 c - a +6 ring of dexterity (left hand)
 u - a ring of protection from cold
 y - a +4 ring of protection (right hand)
 E - a ring of protection from fire
 G - an amulet of reflection (around neck)
 P - a +4 ring of evasion
Wands
 e - a wand of flame (2)
 f - a wand of polymorph (8)
 o - a wand of iceblast (5)
Scrolls
 a - a scroll of fear
 l - 2 scrolls of magic mapping
 s - 4 scrolls of teleportation
Potions
 g - 3 potions of curing
 v - a potion of berserk rage {unknown}
 x - a potion of might
 B - 3 potions of flight
 L - a potion of cancellation
 Z - a potion of invisibility {unknown}


   Skills:
 + Level 10.4 Fighting
 + Level 8.0 Short Blades
 + Level 8.0 Long Blades
 + Level 8.0 Axes
 + Level 8.0 Maces & Flails
 + Level 10.4 Polearms
 + Level 8.0 Staves
 + Level 8.0 Slings
 + Level 8.0 Bows
 + Level 8.0 Crossbows
 + Level 8.0 Throwing
 + Level 9.3 Armour
 + Level 9.3 Dodging
 + Level 8.0 Stealth
 + Level 8.0 Shields
 + Level 8.0 Unarmed Combat
 + Level 8.0 Spellcasting
 + Level 6.6 Conjurations
 + Level 6.6 Hexes
 + Level 6.6 Summonings
 + Level 6.6 Necromancy
 + Level 6.6 Translocations
 + Level 6.6 Transmutations
 + Level 6.6 Fire Magic
 + Level 6.6 Ice Magic
 + Level 6.6 Air Magic
 + Level 6.6 Earth Magic
 + Level 6.6 Poison Magic
 + Level 8.8 Invocations
 + Level 8.0 Evocations


You had 28 spell levels left.
You didn't know any spells.
Your spell library was empty.

Dungeon Overview and Level Annotations

Branches:
Dungeon (9/15)             Temple (0/1) D:4            Lair (4/6) D:9
  Swamp (0/4) Lair:3       Spider (0/4) Lair:3
    Orc: D:9-12

Altars:
Trog
Beogh

Shops:
D:4 (**!(   D:7 *


Innate Abilities, Weirdness & Mutations

You have very sharp teeth.
Your uncanny sense of smell can sniff out nearby items.
Your experience applies equally to all skills.


Message History

The 17-headed hydra bites you.
* * * LOW HITPOINT WARNING * * *
The 17-headed hydra bites you but does no damage. x2
You slice one of the 17-headed hydra's heads off!
The 16-headed hydra grows two more!
You slice the 18-headed hydra!!
The 18-headed hydra is almost dead.
You chop one of the 18-headed hydra's heads off!
The 17-headed hydra grows two more!
You puncture the 19-headed hydra!
The 19-headed hydra is severely wounded.
The 19-headed hydra barely misses you.
The 19-headed hydra bites you but does no damage.
The 19-headed hydra bites you.
* * * LOW HITPOINT WARNING * * *
The 19-headed hydra bites you!
* * * LOW HITPOINT WARNING * * *
The 19-headed hydra misses you.
The 19-headed hydra bites you but does no damage. x2
The 19-headed hydra barely misses you.
The 19-headed hydra bites you but does no damage.
The 19-headed hydra closely misses you. The 19-headed hydra barely misses you.
The 19-headed hydra bites you but does no damage. x2
The 19-headed hydra misses you.
The 19-headed hydra bites you but does no damage. x3
The 19-headed hydra bites you.
* * * LOW HITPOINT WARNING * * *
The 19-headed hydra bites you but does no damage.
You hack one of the 19-headed hydra's heads off!
The 18-headed hydra grows two more!
You slice the 20-headed hydra!! You bite the 20-headed hydra.
The 20-headed hydra is almost dead.
The 20-headed hydra bites you but does no damage.
You block the 20-headed hydra's attack.
The 20-headed hydra bites you but does no damage. x2
The 20-headed hydra closely misses you. You block the 20-headed hydra's attack.
The 20-headed hydra bites you!
* * * LOW HITPOINT WARNING * * *
The 20-headed hydra bites you!
* * * LOW HITPOINT WARNING * * *
The 20-headed hydra barely misses you. The 20-headed hydra bites you.
You die...

#.# .# ..... .(. .....
.(# #.# ...... ..##(##.∆
.. ......# ..(.... #.##
# .....#.##k... ##..P#.#
......#.D#.+# #P....#
.......@....####....
.............##..#
.............#..<##
..........).÷..†††###
....................###
.............##.<..>..#
............######......
P..........## ##....
............ #...


You could see a 20-headed hydra and a rime drake.

Vanquished Creatures
  The ghost of mortz the Destroyer, a journeyman DrCj of Vehumet (Lair:2)
  Harold (D:9)
  A catoblepas (Lair:2)
  A two-headed ogre (D:8)
  3 death yaks
  A manticore (D:7)
  2 black mambas
  An elephant (D:9)
  A torpor snail (Lair:3)
  An unseen horror (D:6)
  4 cane toads
  3 komodo dragons
  A rime drake (Lair:2)
  A kobold demonologist (D:8)
  A polar bear (Lair:1)
  A troll (D:9)
  9 blink frogs
  Prince Ribbit (D:7)
  A culicivora (Lair:3)
  5 wyverns
  Eustachio (D:4)
  A wraith (D:9)
  2 steam dragons
  33 yaks
  Grum (D:8)
  11 water moccasins
  4 sky beasts (D:7)
  4 black bears
  3 orc warriors
  2 ice beasts (D:7)
  The ghost of pkoi the Ruffian, an amateur DrMo (D:3)
  2 necrophages (D:7)
  21 wolves
  5 centaurs
  2 phantoms
  A kobold brigand (D:7)
  6 bullfrogs
  A gnoll sergeant (D:7)
  5 scorpions
  4 killer bees (D:6)
  3 electric eels (Lair:3)
  6 wights
  A howler monkey (D:7)
  A bullfrog zombie (D:6)
  2 jellies
  3 centaur zombies
  A hound (D:5)
  7 orc priests
  A centaur skeleton (D:7)
  3 gnoll shamans
  5 iguanas
  Natasha (D:2)
  5 orc wizards
  A killer bee zombie (D:7)
  A howler monkey zombie (D:7)
  22 gnolls
  7 adders
  2 white imps
  An ufetubus (D:4)
  2 worms
  37 orcs
  6 endoplasms
  5 giant cockroaches
  3 goblins
  7 hobgoblins
  8 jackals
  8 kobolds
  4 quokkas
  7 ball pythons
  5 bats
  2 frilled lizards (D:1)
  6 rats
323 creatures vanquished.

Vanquished Creatures (others)
  9 fungi
  7 plants
16 creatures vanquished.

Grand Total: 339 creatures vanquished

Notes
Turn   | Place    | Note
-------+----------+-------------------------------------------
     0 | D:1      | fknight the Gnoll Berserker began the quest for the Orb.
     0 | D:1      | Reached XP level 1. HP: 23/23 MP: 1/1
   174 | D:1      | Reached XP level 2. HP: 23/29 MP: 2/2
   689 | D:1      | Reached XP level 3. HP: 35/35 MP: 3/3
   704 | D:1      | Found a faded altar of an unknown god.
   708 | D:1      | Reached ** piety under Trog
  1129 | D:2      | Reached skill level 1 in Invocations
  1151 | D:2      | Noticed Natasha
  1157 | D:2      | Killed Natasha
  1158 | D:2      | Reached skill level 1 in Short Blades
  1158 | D:2      | Reached skill level 1 in Long Blades
  1158 | D:2      | Reached skill level 1 in Axes
  1158 | D:2      | Reached skill level 1 in Maces & Flails
  1158 | D:2      | Reached skill level 1 in Staves
  1158 | D:2      | Reached skill level 1 in Slings
  1158 | D:2      | Reached skill level 1 in Bows
  1158 | D:2      | Reached skill level 1 in Crossbows
  1158 | D:2      | Reached skill level 1 in Throwing
  1158 | D:2      | Reached skill level 1 in Stealth
  1158 | D:2      | Reached skill level 1 in Shields
  1158 | D:2      | Reached skill level 1 in Unarmed Combat
  1158 | D:2      | Reached skill level 1 in Spellcasting
  1158 | D:2      | Reached skill level 1 in Evocations
  1158 | D:2      | Reached XP level 4. HP: 41/41 MP: 5/5
  1657 | D:3      | Reached skill level 1 in Conjurations
  1657 | D:3      | Reached skill level 1 in Hexes
  1657 | D:3      | Reached skill level 1 in Summonings
  1657 | D:3      | Reached skill level 1 in Necromancy
  1657 | D:3      | Reached skill level 1 in Translocations
  1657 | D:3      | Reached skill level 1 in Transmutations
  1657 | D:3      | Reached skill level 1 in Fire Magic
  1657 | D:3      | Reached skill level 1 in Ice Magic
  1657 | D:3      | Reached skill level 1 in Air Magic
  1657 | D:3      | Reached skill level 1 in Earth Magic
  1657 | D:3      | Reached skill level 1 in Poison Magic
  1921 | D:3      | Reached XP level 5. HP: 47/47 MP: 5/7
  1977 | D:3      | Found a runed translucent door.
  1993 | D:3      | Noticed pkoi's ghost (amateur DrMo)
  2611 | D:3      | Reached XP level 6. HP: 53/53 MP: 8/8
  2625 | D:3      | Killed pkoi's ghost
  2626 | D:3      | Reached skill level 5 in Armour
  2626 | D:3      | Reached skill level 5 in Dodging
  2850 | D:4      | Found a staircase to the Ecumenical Temple.
  2915 | D:4      | Found Agiro's Antique Weapon Shoppe.
  2943 | D:4      | Found Veixasow's Distillery.
  2957 | D:4      | Bought a potion of curing for 33 gold pieces
  2957 | D:4      | Bought a potion of heal wounds for 55 gold pieces
  2990 | D:4      | Found Deceup's General Store.
  3162 | D:4      | Found Teibenew's Assorted Antiques.
  3190 | D:4      | Noticed Eustachio
  3220 | D:4      | Killed Eustachio
  3221 | D:4      | Reached XP level 7. HP: 31/60 MP: 10/10
  3431 | D:4      | Found Waorelej's Weapon Boutique.
  3851 | D:5      | Entered Level 5 of the Dungeon
  4800 | D:6      | Noticed a wyvern
  4805 | D:6      | Killed a wyvern
  4806 | D:6      | Reached XP level 8. HP: 67/67 MP: 12/12
  5166 | D:6      | Killed an unseen horror
  5167 | D:6      | Reached XP level 9. HP: 65/73 MP: 14/14
  6593 | D:7      | Reached *** piety under Trog
  6594 | D:7      | Noticed a manticore
  6964 | D:7      | Reached skill level 5 in Invocations
  7269 | D:7      | Reached XP level 10. HP: 80/80 MP: 17/17
  7269 | D:7      | Found Foseatus's Mayhem Merchandise.
  7318 | D:7      | Noticed Prince Ribbit
  7330 | D:7      | Killed Prince Ribbit
  7403 | D:7      | Reached skill level 5 in Short Blades
  7403 | D:7      | Reached skill level 5 in Long Blades
  7403 | D:7      | Reached skill level 5 in Axes
  7403 | D:7      | Reached skill level 5 in Maces & Flails
  7403 | D:7      | Reached skill level 5 in Staves
  7403 | D:7      | Reached skill level 5 in Slings
  7403 | D:7      | Reached skill level 5 in Bows
  7403 | D:7      | Reached skill level 5 in Crossbows
  7403 | D:7      | Reached skill level 5 in Throwing
  7403 | D:7      | Reached skill level 5 in Stealth
  7403 | D:7      | Reached skill level 5 in Shields
  7403 | D:7      | Reached skill level 5 in Unarmed Combat
  7403 | D:7      | Reached skill level 5 in Spellcasting
  7403 | D:7      | Reached skill level 5 in Evocations
  7724 | D:7      | Killed a manticore
  7731 | D:7      | Identified the +3 demon whip "Huacs" {vorpal, rN+ Int+2
                  | SInv}
  8451 | D:8      | Noticed a kobold demonologist
  8467 | D:8      | Killed a kobold demonologist
  8525 | D:8      | Noticed a two-headed ogre
  8645 | D:8      | Killed a two-headed ogre
  9245 | D:8      | Noticed Grum
  9282 | D:8      | Reached XP level 11. HP: 78/87 MP: 19/19
  9301 | D:8      | Killed Grum
 10180 | D:4      | Bought a pair of pitted gloves for 285 gold pieces
 10180 | D:4      | Identified the +2 pair of gloves of Kaoror {rN+ Dex+2} (You
                  | bought it in a shop on level 4 of the Dungeon)
 10372 | D:9      | Reached skill level 5 in Conjurations
 10372 | D:9      | Reached skill level 5 in Hexes
 10372 | D:9      | Reached skill level 5 in Summonings
 10372 | D:9      | Reached skill level 5 in Necromancy
 10372 | D:9      | Reached skill level 5 in Translocations
 10372 | D:9      | Reached skill level 5 in Transmutations
 10372 | D:9      | Reached skill level 5 in Fire Magic
 10372 | D:9      | Reached skill level 5 in Ice Magic
 10372 | D:9      | Reached skill level 5 in Air Magic
 10372 | D:9      | Reached skill level 5 in Earth Magic
 10372 | D:9      | Reached skill level 5 in Poison Magic
 10745 | D:9      | Found a staircase to the Lair.
 10745 | D:9      | Noticed a death yak
 11253 | D:9      | Noticed Harold
 11276 | D:9      | Killed Harold
 11509 | D:9      | Reached **** piety under Trog
 11628 | D:9      | Killed a death yak
 11929 | D:9      | Found a bloodstained altar of Trog.
 12441 | Lair:1   | Entered Level 1 of the Lair of Beasts
 12797 | Lair:1   | Reached XP level 12. HP: 65/96 MP: 22/22
 13091 | Lair:1   | Identified the +0 leather armour "Fufyheima" {rPois Str+6
                  | Stlth+}
 13712 | Lair:2   | You fall into a shaft and drop 1 floor!
 13713 | Lair:3   | Found a hole to the Spider Nest.
 14416 | Lair:2   | Found a runed translucent door.
 14419 | Lair:2   | Noticed mortz's ghost (journeyman DrCj)
 14433 | Lair:2   | Killed mortz's ghost
 14434 | Lair:2   | Reached skill level 10 in Fighting
 14434 | Lair:2   | Reached skill level 10 in Polearms
 14488 | Lair:2   | Noticed a catoblepas
 14498 | Lair:2   | Killed a catoblepas
 15452 | Lair:3   | Noticed a death yak
 15469 | Lair:3   | Killed a death yak
 15603 | Lair:3   | Noticed a death yak
 15617 | Lair:3   | Killed a death yak
 15618 | Lair:3   | Reached XP level 13. HP: 85/103 MP: 24/24
 15982 | Lair:3   | Found a staircase to the Swamp.
 16602 | Lair:4   | HP: 3/156 [20-headed hydra (7)]
 16602 | Lair:4   | Slain by a 20-headed hydra

Illustrated notes

Levels and vault maps discovered:
D:1:      elethiomel_arrival_maze, layout_basic,
          dreamdust_ecumenical_altar_grove, bh_walls_and_bars
D:2:      layout_basic, minmay_misc_feat_chi, uniq_natasha
D:3:      layout_loops_ring, ebering_ghost_sewer_d
D:4:      layout_loops_cross, minmay_temple_entry_sparse_star, serial_shops,
          nicolae_shop_stone, nicolae_shop_crystal, nicolae_shop_waterfront,
          nicolae_shop_advertising_works [nicolae_subvault_shop_adworks], shop,
          uniq_eustachio
D:5:      layout_gridville
D:6:      layout_basic, kennysheep_generic_room_14
D:7:      minmay_clustersquares, layout_basic, st_stairs_1, dk_noncrumbling_3,
          hangedman_abyss_or_decor_slice, minmay_shop_mayhem,
          uniq_prince_ribbit1
D:8:      layout_cave_pods, uniq_grum
D:9:      layout_roguey, trog_three_pillars_becter, david_lair_generic,
          special_room [special_room_orc], kennysheep_generic_room_8,
          uniq_harold
Lair:1:   layout_regular_city
Lair:2:   layout_misc_corridors, ebering_ghost_reflecting_pool,
          serial_bayou_shore_b
Lair:3:   layout_hall_layers, swamp_mist, hellmonk_spider_entry_life_and_decay,
          infiniplex_staircase_pool, serial_bayou_shore_a
Lair:4:   layout_cave_pods, grunt_megastairs_2, serial_bayou_shore_b

Skill      XL: |  1  2  3  4  5  6  7  8  9 10 11 12 13 |
---------------+----------------------------------------+-----
Invocations    | 1 2 3 4 5 6 7 8 |  8.8
Short Blades   | 1 2 3 4 5 6 7 8 |  8.0
Long Blades    | 1 2 3 4 5 6 7 8 |  8.0
Axes           | 1 2 3 4 5 6 7 8 |  8.0
Maces & Flails | 1 2 3 4 5 6 7 8 |  8.0
Staves         | 1 2 3 4 5 6 7 8 |  8.0
Slings         | 1 2 3 4 5 6 7 8 |  8.0
Bows           | 1 2 3 4 5 6 7 8 |  8.0
Crossbows      | 1 2 3 4 5 6 7 8 |  8.0
Throwing       | 1 2 3 4 5 6 7 8 |  8.0
Stealth        | 1 2 3 4 5 6 7 8 |  8.0
Shields        | 1 2 3 4 5 6 7 8 |  8.0
Unarmed Combat | 1 2 3 4 5 6 7 8 |  8.0
Spellcasting   | 1 2 3 4 5 6 7 8 |  8.0
Evocations     | 1 2 3 4 5 6 7 8 |  8.0
Conjurations   | 1 2 3 4 5 6 |  6.6
Hexes          | 1 2 3 4 5 6 |  6.6
Summonings     | 1 2 3 4 5 6 |  6.6
Necromancy     | 1 2 3 4 5 6 |  6.6
Translocations | 1 2 3 4 5 6 |  6.6
Transmutations | 1 2 3 4 5 6 |  6.6
Fire Magic     | 1 2 3 4 5 6 |  6.6
Ice Magic      | 1 2 3 4 5 6 |  6.6
Air Magic      | 1 2 3 4 5 6 |  6.6
Earth Magic    | 1 2 3 4 5 6 |  6.6
Poison Magic   | 1 2 3 4 5 6 |  6.6
Armour         | 5 6 7 8 9 |  9.3
Dodging        | 5 6 7 8 9 |  9.3
Fighting       | 7 8 9 10 | 10.4
Polearms       | 7 8 9 10 | 10.4

Action                   |  1- 3 |  4- 6 |  7- 9 | 10-12 | 13-15 || total
-------------------------+-------+-------+-------+-------+-------++-------
Melee: Spear             |   110 |    68 |       |       |       ||   178
       Bite              |    16 |    11 |    28 |    94 |    14 ||   163
       Punch             |     3 |       |       |       |       ||     3
       Halberd           |       |    76 |   281 |   785 |    86 ||  1228
 Fire: Hand crossbow     |       |       |     6 |    11 |       ||    17
Throw: Stone             |       |       |    17 |    58 |    10 ||    85
Invok: Berserk           |       |     3 |     5 |    11 |     2 ||    21
       Trog's Hand       |       |     2 |     3 |    11 |     3 ||    19
  Use: Scroll            |       |       |    12 |    13 |       ||    25
       Potion            |       |       |     1 |     2 |     1 ||     4
 Stab: Sleeping          |     1 |       |       |       |       ||     1
Armor: Animal skin       |     2 |       |       |       |       ||     2
       Scale mail        |    16 |    43 |       |       |       ||    59
       Chain mail        |       |    12 |   225 |   166 |       ||   403
       Plate armour      |       |       |       |   272 |   157 ||   429
Dodge: Dodged            |    37 |    46 |   162 |   545 |   105 ||   895
Block: Other             |       |       |       |   119 |    40 ||   159
